 Dungeon Crawl Stone Soup version 0.31-a0-675-g238779eb0a (webtiles) character file.

Game seed: 6287543619042892341

133 Nedwor the Cutter (level 4, -3/34 HPs)
             Began as a Demonspawn Gladiator on Aug 18, 2023.
             Slain by Pikel
             ... wielding a +0 whip of electrocution
              (17 damage)
             ... on level 4 of the Dungeon on Sept 5, 2023.
             The game lasted 00:03:40 (2269 turns).

Nedwor the Cutter (Demonspawn Gladiator)            Turns: 2269, Time: 00:03:41

Health: -3/34      AC: 13    Str: 17    XL:     4   Next: 94%
Magic:  4/4        EV:  5    Int:  9    God:
Gold:   178        SH:  0    Dex: 14    Spells: 3/3 levels left

rFire   . . .        a - +0 rapier
rCold   . . .        (no shield)
rNeg    . . .        s - +0 plate armour
rPois   .            c - +0 helmet
rElec   .            (no cloak)
rCorr   .            (no gloves)
SInv    .            l - +0 pair of boots
Will    .....        (no amulet) Stlth
                     (no ring)
HPRegen 0.25/turn    (no ring)
MPRegen 0.09/turn

%: no passive effects
@: mighty
A: sharp scales 1, weakness stinger 2
a: no special abilities


You were on level 4 of the Dungeon.
You visited 1 branch of the dungeon, and saw 4 of its levels.

You collected 178 gold pieces.

Inventory:

Hand Weapons
 a - a +0 rapier (weapon)
Missiles
 d - 3 throwing nets (quivered)
 e - a javelin
Armour
 c - a +0 helmet (worn)
 l - a +0 pair of boots (worn)
 s - a +0 plate armour (worn)
Jewellery
 i - a ring of magical power
Wands
 p - a wand of polymorph (13)
 q - a wand of roots (5)
Scrolls
 f - a scroll of teleportation
 h - a scroll of identify
 k - a scroll of vulnerability
 r - a scroll of immolation
Potions
 b - a potion of ambrosia {unknown}
 g - 2 potions of mutation {unknown}
 j - a potion of might
 m - 2 potions of curing
 n - a potion of magic {unknown}
 o - a potion of haste {unknown}


   Skills:
 + Level 2.8 Fighting
 * Level 3.8 Short Blades
 - Level 2.1 Throwing
 + Level 1.4 Armour
 + Level 3.2 Dodging


You had 3 spell levels left.
You didn't know any spells.
Your spell library contained the following spells:

 Spells                   Type           Power      Damage    Failure   Level
 Slow                     Hex            0%         N/A       100%        1
 Summon Small Mammal      Summ           0%         N/A       100%        1
 Call Canine Familiar     Summ           0%         N/A       100%        3
 Confusing Touch          Hex            0%         N/A       100%        3
 Summon Guardian Golem    Hex/Summ       0%         N/A       100%        3
 Vampiric Draining        Necr           0%         2d6       100%        3


Dungeon Overview and Level Annotations

Branches:
Dungeon (4/15)
 Temple: D:4-7

Altars:
Ashenzari

Shops:
D:3 ?

Annotations:
D:4 Pikel


Innate Abilities, Weirdness & Mutations

You are partially covered in razor-sharp scales. (AC +1, Slay +1)
You have a tail ending in a sharp stinger.


Message History

You are too injured to fight recklessly!
You are too injured to fight recklessly!
You are too injured to fight recklessly!
You are too injured to fight recklessly!
You are too injured to fight recklessly!
You are too injured to fight recklessly!
You are too injured to fight recklessly!
You are too injured to fight recklessly!
You are too injured to fight recklessly!
You are too injured to fight recklessly!
You are too injured to fight recklessly!
You are too injured to fight recklessly!
You are too injured to fight recklessly!
You are too injured to fight recklessly!
You are too injured to fight recklessly!
You are too injured to fight recklessly!
The lemure hits you but does no damage. The lemure attacks as it pursues you!
The lemure hits you!
* * * LOW HITPOINT WARNING * * *
You feel better. The lemure hits you but does no damage.
You feel very mighty all of a sudden. The lemure hits you but does no damage.
You closely miss the lemure. You tail-slap the lemure!
The lemure is almost dead.
The lemure hits you but does no damage.
You puncture the lemure!
You kill the lemure!
That felt strangely unrewarding.
You closely miss the lemure. You hit Pikel.
Pikel is lightly wounded.
You hit Pikel.
Pikel is lightly wounded.
Pikel hits you with a +0 whip of electrocution.
You completely miss Pikel.
Your tail-slap misses Pikel.
Pikel is lightly wounded.
Pikel hits you but does no damage.
You are electrocuted!
Ouch! That really hurt!
You die...
Pikel says, "Another soul for the market."

... #####.. #####...#.
####........##+# #######
<.#............. ......###
..#...##.....#.# ###........
..)..........#.###5.........
..........†..#..@K5g........
##.....#.##.....##5##.......
#......†....#..##.# ...#...
#...........#.....# #+#.. #
###.##......#.##### ..#
#....##.#.#.# ##
####.##.#.### ....#### ....#


You could see Pikel, 3 lemures and a hobgoblin.

Vanquished Creatures
  A lemure (D:4)
  A hound (D:4)
  4 adders
  3 dart slugs
  3 orcs
  5 endoplasms
  6 giant cockroaches
  4 goblins
  5 hobgoblins
  4 jackals (D:3)
  2 kobolds (D:3)
  2 quokkas (D:1)
  5 ball pythons
  3 bats (D:1)
  A frilled lizard (D:1)
  10 rats
59 creatures vanquished.

Notes
Turn   | Place    | Note
-------+----------+-------------------------------------------
     0 | D:1      | Nedwor the Demonspawn Gladiator began the quest for the
                  | Orb.
     0 | D:1      | Reached XP level 1. HP: 16/16 MP: 1/1
   378 | D:1      | Gained mutation: You have a small tail. [demonic ancestry]
   378 | D:1      | Reached XP level 2. HP: 18/22 MP: 2/2
   775 | D:1      | Upgraded the game from 0.31-a0-569-g7ea453304b to
                  | 0.31-a0-675-g238779eb0a
   798 | D:2      | Gained mutation: You are partially covered in razor-sharp
                  | scales. (AC +1, Slay +1) [demonic ancestry]
   798 | D:2      | Reached XP level 3. HP: 27/27 MP: 3/3
  1584 | D:3      | Reached skill level 1 in Armour
  1699 | D:3      | Gained mutation: You have a tail ending in a sharp stinger.
                  | [demonic ancestry]
  1699 | D:3      | Reached XP level 4. HP: 31/34 MP: 4/4
  1715 | D:3      | Found Kuopp's Magic Scroll Emporium.
  2068 | D:3      | Found a broken altar of Ashenzari.
  2248 | D:4      | Noticed a lemure
  2250 | D:4      | Noticed Pikel
  2250 | D:4      | Noticed a lemure
  2251 | D:4      | Noticed a lemure
  2251 | D:4      | Noticed a lemure
  2265 | D:4      | Killed a lemure
  2269 | D:4      | Slain by Pikel

Illustrated notes

Levels and vault maps discovered:
D:1:      dpeg_arrival_long_road, layout_basic, grunt_decor_mini_mirrors,
          minmay_close_crescents
D:2:      layout_loops_ring
D:3:      minmay_chambers_of_twos, layout_basic,
          mainiacjoe_overflow_tiny_flanked, serial_shops,
          nicolae_shop_statue_plus, reono_crystal_passage
D:4:      layout_basic, minmay_overflow_temple_star_quad,
          minmay_temple_entry_grid, minmay_between, uniq_pikel

Skill      XL: |  1  2  3 |
---------------+----------+-----
Throwing       | 2 |  2.1
Short Blades   | 3 |  3.8
Dodging        | 3 |  3.2
Armour         | 1 |  1.4
Fighting       | |  2.8

Action                     |  1- 3 |  4- 6 || total
---------------------------+-------+-------++-------
  Melee: Rapier            |   154 |    55 ||   209
         Tailslap          |    11 |     6 ||    17
         Punch             |     2 |       ||     2
    Use: Scroll            |     7 |       ||     7
         Potion            |       |     2 ||     2
 Armour: Chain mail        |    41 |       ||    41
         Leather armour    |     2 |       ||     2
         Plate armour      |    76 |    54 ||   130
  Dodge: Dodged            |    64 |    16 ||    80

Table legend: (Time is in decaauts)
 A = Elapsed time spent in this place.
 B = Non-inter-level travel time spent in this place.
 C = Inter-level travel time spent in this place.
 D = Time resting spent in this place.
 E = Time spent auto-exploring this place.
 F = Levels seen in this place.
 G = Mean time per level.
                   A        B        C        D        E       F      G
               +--------+--------+--------+--------+--------+-----+--------+
         Total |   2278 |   2201 |     77 |      0 |   1743 |   4 |  569.5 |
       Dungeon |   2278 |   2201 |     77 |      0 |   1743 |   4 |  569.5 |
               +--------+--------+--------+--------+--------+-----+--------+

Top non-repeatable levels by time:
     D:3: 846 daAuts
     D:1: 794 daAuts
     D:2: 564 daAuts
     D:4: 73 daAuts
